Map: Port Aleksander LE

Players

souL - Winner!

  • Race: Terran Terran
  • Spawn Location: 11:00

SortOf

  • Race: Zerg Zerg
  • Spawn Location: 5:00

Event: 2019 WCS Spring

VOD

Have the link to the VOD?

Description

Time

  • Played on: May 17, 2019, 9:29 a.m.
  • Length: 8:04

All games in this series

Show
View Real Time Build Order
Export as new Build Order

souL Terran - Winner!

Build Orders: Reaper Expand 

Get SALT Encoding   

  12  0:00  SCV  
  13  0:12  SCV  
  14  0:18  Supply Depot  
  14  0:25  SCV  
  15  0:39  SCV  
  15  0:40  Barracks  
  16  0:45  Refinery  
  16  0:51  SCV  
  17  1:03  SCV  
  18  1:15  SCV  
  19  1:28  Reaper, Orbital Command  
  20  1:42  Command Center  
  20  1:52  Supply Depot  
  20  1:54  SCV  
  20  2:00  Marine  
  22  2:06  SCV  
  23  2:10  Factory  
  23  2:18  SCV  
  24  2:25  Barracks Reactor  
  24  2:30  SCV  
  25  2:42  SCV  
  26  2:45  Command Center  
  26  2:55  SCV  
  26  2:56  Orbital Command  
  27  3:07  SCV  
  27  3:08  Hellion, Barracks Tech Lab  
  27  3:11  Hellion  
  32  3:19  SCV  
  33  3:22  SCV  
  34  3:29  Hellion  
  34  3:31  SCV  
  34  3:33  Hellion  
  39  3:34  SCV  
  39  3:36  Barracks Tech Lab  
  40  3:43  SCV  
  40  3:45  Supply Depot  
  40  3:47  SCV  
  41  3:53  Refinery  
  41  3:54  Starport  
  41  3:55  SCV, Marine  
  43  3:58  Orbital Command  
  43  3:59  SCV  
  43  4:00  Factory Reactor  
  44  4:07  SCV  
  45  4:11  SCV  
  45  4:13  Marine  
  45  4:14  Stimpack  
  45  4:16  Barracks  
  47  4:18  Barracks  
  47  4:19  SCV  
  47  4:23  SCV  
  49  4:24  SCV  
  49  4:25  Refinery  
  49  4:26  Refinery  
  50  4:31  SCV  
  50  4:32  Starport Reactor  
  50  4:35  SCV  
  50  4:36  SCV  
  53  4:42  Supply Depot  
  53  4:43  SCV  
  53  4:45  Engineering Bay  
  54  4:46  Engineering Bay  
  54  4:47  SCV  
  54  4:50  SCV  
  56  4:55  SCV  
  56  4:56  Marine  
  56  4:59  SCV, Supply Depot  
  59  5:02  SCV  
  59  5:06  Marine x2  
  59  5:07  Siege Tank  
  65  5:08  SCV  
  65  5:11  SCV  
  65  5:12  Terran Infantry Weapons Level 1  
  67  5:15  Marine  
  67  5:16  Supply Depot  
  67  5:17  Marine x2  
  67  5:18  Medivac  
  67  5:21  Medivac  
  75  5:23  Marine  
  75  5:24  SCV  
  75  5:25  SCV  
  75  5:26  Marine  
  78  5:29  Orbital Command  
  78  5:33  Marine  
  78  5:35  Marine x2  
  81  5:36  Supply Depot  
  81  5:37  SCV x2  
  81  5:39  Siege Tank  
  86  5:47  Marine  
  86  5:48  Terran Infantry Armor Level 1  
  86  5:49  SCV x2, Marine  
  90  5:51  Marine  
  90  5:53  Marine  
  90  5:55  SCV  
  93  6:01  SCV x2, Marine  
  93  6:03  Supply Depot  
  96  6:05  Supply Depot  
  96  6:07  SCV  
  96  6:09  Medivac x2  
  101  6:14  Combat Shield  
  101  6:19  Supply Depot  
  101  6:25  SCV x3, Marine x3  
  107  6:26  Supply Depot  
  107  6:29  Supply Depot  
  107  6:32  Marine  
  108  6:37  SCV x3  
  102  6:42  Marine x4  
  102  6:45  Barracks  
  102  6:46  Armory, Barracks  
  106  6:47  Refinery  
  106  6:49  Marine  
  106  6:50  Supply Depot  
  106  6:52  Siege Tank  
  110  6:59  Marine  
  110  7:00  Marine x2  
  112  7:02  Marine  
  112  7:06  Sensor Tower  
  112  7:07  Command Center  
  113  7:10  Marine  
  113  7:11  Medivac x2  
  113  7:13  SCV x2  
  120  7:16  SCV, Refinery  
  120  7:17  Marine  
  120  7:18  Supply Depot, Marine  
  123  7:25  SCV  
  123  7:26  Marine x2  
  123  7:28  Marine  
  118  7:30  SCV  
  118  7:32  Siege Tank  
  118  7:35  Marine  
  118  7:36  Marine  
  125  7:43  Marine, Barracks Reactor x2  
  123  7:44  Marine  
  123  7:46  Marine  
Show
View Real Time Build Order
Export as new Build Order

SortOf Zerg 

Build Orders: Pool First 

Get SALT Encoding   

  12  0:00  Drone  
  13  0:13  Overlord  
  13  0:18  Drone  
  14  0:31  Drone x2  
  16  0:42  Spawning Pool  
  15  0:46  Drone  
  17  0:50  Drone  
  17  1:11  Hatchery  
  17  1:13  Drone  
  17  1:28  Extractor, Zergling x4  
  17  1:29  Zergling x2  
  19  1:34  Queen  
  21  1:41  Overlord  
  21  1:50  Drone  
  22  2:02  Drone  
  23  2:09  Queen  
  23  2:12  Drone  
  26  2:28  Queen  
  26  2:29  Drone x2  
  29  2:33  Drone  
  29  2:35  Drone  
  29  2:41  Drone  
  29  2:42  Metabolic Boost, Drone x2  
  32  2:51  Overlord  
  32  2:52  Drone  
  33  3:08  Hatchery  
  33  3:10  Drone  
  33  3:12  Drone  
  34  3:15  Drone  
  34  3:19  Drone  
  36  3:21  Drone x2  
  38  3:29  Overlord  
  38  3:31  Drone x2  
  40  3:37  Queen  
  40  3:38  Drone  
  43  3:43  Overlord  
  43  3:44  Zergling x2  
  44  3:48  Queen  
  44  3:51  Zergling x4  
  48  3:59  Drone x2  
  50  4:04  Drone  
  50  4:05  Drone x3  
  50  4:09  Zergling x6  
  57  4:12  Overlord  
  57  4:15  Overlord  
  57  4:20  Evolution Chamber  
  57  4:21  Evolution Chamber  
  57  4:22  Queen  
  57  4:24  Drone  
  58  4:26  Drone  
  59  4:34  Drone x2  
  59  4:35  Drone x2  
  63  4:45  Drone x4  
  67  4:52  Zerg Melee Weapons Level 1  
  67  4:54  Zerg Ground Armor Level 1  
  67  4:57  Drone  
  66  5:00  Extractor, Drone  
  66  5:01  Extractor  
  66  5:02  Drone x2  
  66  5:04  Drone x7  
  74  5:13  Overlord  
  74  5:14  Overlord, Baneling Nest  
  74  5:21  Hatchery  
  72  5:23  Drone x2  
  72  5:24  Overlord  
  74  5:32  Drone x8  
  74  5:34  Drone x2  
  84  5:36  Drone  
  84  5:40  Lair  
  85  5:44  Extractor x2  
  85  5:46  Extractor  
  85  5:49  Overlord, Zergling x2  
  86  5:50  Zergling x6  
  86  5:54  Zergling x6  
  89  5:58  Overlord  
  89  5:59  Overlord  
  89  6:01  Zergling x2  
  89  6:02  Zergling x6  
  89  6:04  Baneling x5  
  93  6:09  Pneumatized Carapace, Zergling x8  
  97  6:11  Baneling x2  
  97  6:12  Baneling  
  97  6:14  Overlord  
  98  6:18  Drone  
  98  6:20  Spore Crawler  
  98  6:24  Zergling x4  
  99  6:30  Zergling x4  
  101  6:33  Queen  
  96  6:40  Zergling x14  
  96  6:41  Zergling x8  
  96  6:44  Centrifical Hooks  
  96  6:45  Spire  
  96  6:46  Drone x2  
  108  6:49  Baneling  
  108  6:51  Drone x2  
  110  6:56  Drone x2  
  112  7:02  Baneling x9  
  112  7:07  Drone x4  
  116  7:14  Drone  
  116  7:15  Drone x4  
  121  7:17  Extractor  
  121  7:18  Extractor, Drone x2  
  116  7:27  Zergling x4  
  116  7:28  Zergling x14  
  114  7:31  Zergling x2  
  109  7:37  Zergling x4  
  109  7:39  Drone  
  109  7:42  Zergling x18  
Tags
 
Add a new tag
Caveats
  • Supply blocks, unpowered buildings, or Contaminate may cause inaccurate times.
  • Supply counts are checked every 10 seconds.